Unix xNetHack Version 8.0.0 - last build Mar 23 2024 02:42:02 (1964348d4f5f1cf1067ea9968e02252fcc83c468). Game began 2024-04-25 17:20:50, ended 2024-04-25 18:00:49. Okoto, lawful female human Valkyrie --- ---- --- --.----- ------------------.|.---------- |. --...--.--- -----.............................| |.. |>........| |.................................--- ----.- --.....--.--------...---------.------.------------...-----....-- -- -----..................|....| |.|....|.| |...|(((|.....--...-..-.. --.--- |.......----------.....|....| |.|._..|.+ |...|(*(|................ |....-- |......-| |..|..|....| |.|.@..|.| |...|(((|....---......... |.....| |.......-- ---|..---|--+--.|....|.----...|...|...-- --.......- --....-- --.......| |........~...--|---....--|--|---...-- |....... --..---- |......-- |.....^.....{......{................| |............-- --.....| |......................---|--|--....----...........-- |.....- |..---|---|----.....--||...|...|.....|............-- |..... |..|...|...| +.....|..|...|[/(|...|........<.....- --..... |..|...|(((| |.....|%%|...|.?.|..----.............| |..... |..|...|(((| |.....|%%|...|!*[|..| |.............| |...... |..------------.....------------..| ---.|......---- --..... |.................................| ----.....| --....- ---.............---..............-- ..-.--- ------ --------------- ---------------- --- Okoto the Fighter St:17 Dx:14 Co:18 In:11 Wi:6 Ch:9 Lawful S:1887 Dlvl:5 $:53 HP:0(60) Pw:15(15) AC:2 Xp:6/396 T:3616 Blind Latest messages: Really step into that hole? [yn] (n) n You hear crashing rock. You see here a bronze ring. You see here a bronze ring. S - a bronze ring {3}. Where do you want to travel to? (For instructions type a '?') Where do you want to travel to? (For instructions type a '?') Really step onto that dart trap? [yn] (n) y There is a dart trap here. You see here 2 darts. A dart shoots out at you! A dart misses you. You stop. The hobbit is in the way! You see here a magic lamp. T - a magic lamp {20}. You hear crashing rock. A dart misses you. You are hit by a dart. You kill the gnome lady! You see here 2 darts. You see here 2 darts. You see here 2 darts. You climb up the stairs. You miss the yellow light. The yellow light explodes! You are blinded by a blast of light! You hear crashing rock. Really step into that hole? [yn] (n) n A nearby voice intones: "Pilgrim, you enter a sacred place!" You experience a sense of peace. Wait! There's something there you can't see! It gets angry! Tyr's voice booms: "How darest thou harm my servant!" The bolt of lightning hits you! Your bronze ring turns to dust and vanishes! It kicks! Something casts a spell at you! Your feet are frozen to the floor! It brains you! It kicks! It brains you! You die... Do you want your possessions identified? [ynq] (y) n Do you want to see your attributes? [ynq] (y) n Do you want an account of creatures vanquished? [ynaq] (y) n Do you want to see your conduct and achievements? [ynq] (y) n Do you want to see the dungeon overview? [ynq] (y) n Inventory: Inventory: 851/925 weight (37/52 slots) Coins $ - 53 gold pieces {1} Weapons B - a cursed +0 sling {3} y - 20 +0 darts {20} f - 2 +0 copper shuriken (at the ready) {2} b - 3 +0 daggers (alternate weapons; not wielded) {30} a - a +1 spear {30} i - a +0 elven broadsword (weapon in hand) {70} Armor K - a cursed -1 helmet {30} H - an uncursed +0 orcish helm (being worn) {23} F - an uncursed +0 pair of dwarvish boots (being worn) {38} c - a blessed +3 small shield (being worn) {23} G - an uncursed +0 plastic dwarvish cloak (being worn) {15} J - an uncursed +0 set of gray dragon scales {40} s - a cursed -1 ring mail {250} Comestibles t - an uncursed slime mold {5} C - an uncursed fortune cookie {1} q - an uncursed orange {2} w - 2 cursed rotten tins of giant rat meat {20} Q - 2 uncursed tins of spinach {20} Scrolls R - an uncursed scroll of charging {5} h - a cursed scroll of identify {5} m - an uncursed scroll of light {5} A - a cursed scroll of remove curse {5} Potions M - a blessed potion of confusion {20} E - 2 uncursed potions of healing {40} e - a blessed potion of speed {20} p - an uncursed potion of speed {20} Rings g - an uncursed ring of searching {3} Wands N - a wand of digging (0:6) {7} Tools T - a blessed magic lamp {20} z - a blessed oil lamp {20} u - an uncursed tallow candle {2} Gems/Stones k - a cursed aquamarine stone {1} D - an uncursed worthless piece of black glass {1} O - an uncursed worthless piece of green glass {1} n - 2 uncursed worthless pieces of red glass {2} P - an uncursed worthless piece of yellow glass {1} l - 5 uncursed rocks {50} Okoto the Valkyrie's attributes: Background: You were a Fighter, a level 6 human Valkyrie. You were lawful, on a mission for Tyr who was opposed by Odin (neutral) and Loki (chaotic). You were heterosexual. You were in the Gnomish Mines, on level 5. You entered the dungeon 3616 turns ago. There was a full moon in effect when your adventure ended. You had 396 experience points, 244 more were needed to attain level 7. Your score was 1887 before end-of-game adjustments. Basics: You had 0 out of 60 hit points. You had all 15 energy points (spell power). Your armor class was 2. Your wallet contained 53 zorkmids. Autopickup was off. Final Characteristics: Your strength was 17 (peak:18, limit:18/100). Your dexterity was 14 (limit:18). Your constitution was 18 (limit:18). Your intelligence was 11 (limit:18). Your wisdom was 6 (peak:7, limit:18). Your charisma was 9 (limit:18). Final Status: You were temporarily blind. You were not hungry. You were unencumbered. You were wielding a broadsword. You had basic skill with broadsword. Final Attributes: You were devoutly aligned. You were cold resistant. You were stealthy. You were warded. You were lucky. You are dead. Miscellaneous: You never encountered a bones level. Total elapsed playing time was 39 minutes and 57 seconds. Major events: Turn 1: Okoto the lawful human Valkyrie entered the dungeon 1452: entered the Gnomish Mines 1511: attained the rank of Skirmisher (level 3) 2166: reached Mine Town 2354: made her first wish - "gray dragon scales", got "a set of gray dragon scales" 2915: attained the rank of Fighter (level 6) 3616: killed by a priestess of Tyr, while paralyzed Vanquished creatures: 2 small mimics a yellow light 4 gnome leaders a gnomish wizard a kitten a dwarf an iguana an acid blob a hobbit a yellow mold 29 gnomes 6 jackals 2 foxes a kobold 2 goblins a sewer rat 2 grid bugs 2 lichens a kobold zombie 3 newts 63 creatures vanquished. No species were genocided or became extinct. Voluntary challenges: You were illiterate. You never genocided any monsters. You never polymorphed an object. You never changed form. You never touched an artifact. You used 1 wish. You did not wish for any artifacts. You never scared an enemy with impunity. You were celibate. You never generated conflict. Achievements: You entered a shop. You entered the Gnomish Mines. You attained the rank of Skirmisher. You entered Minetown. You entered a temple. You attained the rank of Fighter. Dungeon overview: The Dungeons of Doom: levels 1 to 3 Level 1: An altar to Tyr. Level 2: A general store, a fountain. Stairs down to The Gnomish Mines. Level 3: The Gnomish Mines: levels 3 to 6 Level 3: Level 4: Level 5: <- You were here. Many shops, a temple to Tyr, some fountains. Final resting place for you, killed by a priestess of Tyr, while paralyzed. Level 6: Game over: __________ / \ / REST \ / IN \ / PEACE \ / \ | Okoto | | 53 Au | | killed by a | | priestess of Tyr | | | | | | 2024 | *| * * * | * _________)/\\_//(\/(/\)/\//\/|_)_______ Farvel Okoto the Valkyrie... You died in The Gnomish Mines on dungeon level 5 with 1882 points, and 53 pieces of gold, after 3616 moves. You were level 6 with a maximum of 60 hit points when you died.